 Dungeon Crawl Stone Soup version 0.28.0-49-g6dfe1f597d (webtiles) character file.

Game seed: 13127337482957759275

105 Zeld the Insei (level 4, 0/28 HPs)
             Began as an Octopode Transmuter on May 14, 2022.
             Slain by an orc
             ... wielding a +0 flail
              (7 damage)
             ... on level 4 of the Dungeon.
             The game lasted 00:02:25 (3251 turns).

Zeld the Insei (Octopode Transmuter)                Turns: 3251, Time: 00:02:25

Health: 0/28       AC:  2    Str: 11    XL:     4   Next: 81%
Magic:  6/8        EV: 19    Int: 15    God:
Gold:   161        SH:  0    Dex: 17    Spells: 2/8 levels left

rFire   . . .      SeeInvis .     - Unarmed
rCold   + . .      Faith    .   (shield currently unavailable)
rNeg    . . .      Spirit   .   (helmet currently unavailable)
rPois   x          Reflect  .   (no amulet)
rElec   .          Harm     .   d - ring of protection from cold
rCorr   .          Rampage  .   (no ring)
Will    .....                   (no ring)
Stlth   ++........              (no ring)
HPRegen 0.09/turn               (no ring)
MPRegen 0.11/turn               (no ring)
                                (no ring)
                                (no ring)

@: spider-form (expiring)
A: venomous fangs, almost no armour, (amphibious), 8 rings, tiny, (camouflage
1), (gelatinous body 1), (nimble swimmer 1), (tentacles)
a: End Transformation


You were on level 4 of the Dungeon.
You were a venomous arachnid creature.
You visited 1 branch of the dungeon, and saw 4 of its levels.

You collected 161 gold pieces.

Inventory:

Jewellery
 d - a ring of protection from cold (left front leg)
Scrolls
 a - 2 scrolls of immolation {unknown}
 b - a scroll of teleportation {unknown}
 c - a scroll of summoning {unknown}
 g - a scroll of identify {unknown}
Potions
 e - a potion of magic {unknown}
 f - a potion of heal wounds {unknown}
 h - a potion of berserk rage {unknown}
 i - 2 potions of curing {unknown}
 j - a potion of brilliance {unknown}


   Skills:
 - Level 1.0 Fighting
 + Level 2.5 Dodging
 - Level 3.0 Unarmed Combat
 * Level 2.9 Spellcasting
 * Level 3.0 Transmutations
 + Level 1.3 Ice Magic
 + Level 1.5 Poison Magic


You had 2 spell levels left.
You knew the following spells:

 Your Spells              Type           Power      Damage    Failure   Level
a - Beastly Appendage     Tmut           22%        N/A       17%         1
b - Wereblood             Tmut           11%        N/A       22%         2
c - Spider Form           Tmut/Pois      9%         N/A       45%         3

Your spell library contained the following spells:

 Spells                   Type           Power      Damage    Failure   Level
 Animate Skeleton         Necr           4%         N/A       41%         1
 Apportation              Tloc           4%         N/A       41%         1
 Summon Small Mammal      Summ           8%         N/A       41%         1
 Ice Form                 Ice/Tmut       8%         N/A       82%         4


Dungeon Overview and Level Annotations

Branches:
Dungeon (4/15)
 Temple: D:4-7

Altars:


Innate Abilities, Weirdness & Mutations

You are a venomous arachnid creature.
You have poisonous fangs.
You are tiny and dextrous.
Your spellcasting is less reliable in this form.
Your armour is entirely melded.
You are incapable of wielding weapons or throwing items.
You cannot wear most types of armour.
((You are amphibious.))
You can wear up to eight rings at the same time.
((Your skin changes colour to match your surroundings (Stealth+).))
((Your rubbery body absorbs attacks. (AC +1, EV +1)))
((You are camouflaged when in or above water. (Stealth+)))
((You have tentacles for arms and can constrict up to eight enemies at once.))


Message History

Your transformation is almost over.
The orc priest miscasts a cantrip.
The orc priest looks encouraged for a moment.
There is a stone staircase leading down here.
You climb downwards.
There is a stone staircase leading up here.
You start resting.
Your tentacle spike disappears.
HP restored.
You start waiting.
Done waiting.
Casting: Beastly Appendage (safe; 6% risk of failure)
Confirm with . or Enter, or press ? or * to list all spells.
The spell is quite dangerous to miscast (24% risk of failure)!
Continue anyway?
You turn into a venomous arachnid creature.
You climb upwards.
The orc priest invokes the aid of Beogh against you.
Pain shoots through your body! The orc closely misses you.
The orc completely misses you. The orc hits you but does no damage.
The orc closely misses you. The orc misses you.
There is a stone staircase leading down here.
The orc barely misses you. x2; The orc completely misses you.
You climb downwards.
There is a stone staircase leading up here.
You hit the orc.
The orc is poisoned.
The orc is moderately wounded.
The orc closely misses you.
You barely miss the orc. The orc hits you with a +0 dagger.
The orc hits you but does no damage.
You barely miss the orc.
You kill the orc!
The orc closely misses you.
You hit the orc but do no damage. The orc hits you with a +0 flail!
* * * LOW HITPOINT WARNING * * *
The orc barely misses you.
You hit the orc.
The orc is poisoned.
The orc is severely wounded.
Your transformation is almost over.
The orc hits you with a +0 flail!
You die...

### #s#
#oo......
..#######
##.# #.#
#.# #.#
#.#


You could see 2 orcs.

Vanquished Creatures
  An orc wizard (D:3)
  2 adders (D:2)
  A worm (D:2)
  4 dart slugs
  4 orcs
  3 bats
  4 endoplasms
  4 giant cockroaches
  2 goblins
  4 hobgoblins
  3 kobolds
  4 quokkas
  4 ball pythons
  3 frilled lizards (D:2)
  3 rats
46 creatures vanquished.

Notes
Turn   | Place    | Note
-------+----------+-------------------------------------------
     0 | D:1      | Zeld the Octopode Transmuter began the quest for the Orb.
     0 | D:1      | Reached XP level 1. HP: 13/13 MP: 3/3
   270 | D:1      | Reached XP level 2. HP: 18/18 MP: 3/5
   331 | D:1      | Learned a level 2 spell: Wereblood
  1059 | D:2      | Reached XP level 3. HP: 23/23 MP: 4/6
  1063 | D:2      | Learned a level 3 spell: Spider Form
  1282 | D:2      | Reached skill level 1 in Poison Magic
  1704 | D:2      | Found a faded altar of an unknown god.
  1840 | D:2      | Reached skill level 1 in Ice Magic
  2338 | D:3      | Reached XP level 4. HP: 28/28 MP: 6/8
  3251 | D:4      | Slain by an orc

Illustrated notes

Levels and vault maps discovered:
D:1:      minmay_arrival_solitary_statue, layout_basic,
          hangedman_abyss_or_decor_stabs, minmay_hedge_maze
D:2:      layout_basic, dreamdust_ecumenical_altar_hidden_monk_grotto,
          nicolae_figureground_sparkle
D:3:      layout_basic, biasface_ghost_orc_armoury
D:4:      layout_basic, grunt_temple_overflow_open, serial_shops,
          nicolae_shop_advertising_works [nicolae_subvault_shop_adworks]

Skill      XL: |  1  2  3  4 |
---------------+-------------+-----
Poison Magic   | 1 |  1.5
Ice Magic      | 1 |  1.3
Transmutations | 3 |  3.0
Fighting       | |  1.0
Dodging        | |  2.5
Unarmed Combat | |  3.0
Spellcasting   | |  2.9

Action                   |  1- 3 |  4- 6 || total
-------------------------+-------+-------++-------
Melee: Unarmed           |    62 |    36 ||    98
       Constrict         |    20 |     5 ||    25
       Tentacles         |    16 |     4 ||    20
       Kick              |    14 |     6 ||    20
       Punch             |     1 |       ||     1
 Cast: Beastly Appendage |    25 |     7 ||    32
       Spider Form       |       |     2 ||     2
 Abil: End Transformatio |       |     1 ||     1
 Stab: Sleeping          |     3 |     1 ||     4
Armor: Skin              |     5 |     5 ||    10
Dodge: Dodged            |    26 |    31 ||    57
